 Dungeon Crawl Stone Soup version 0.20.1-1-g8b1a95d66d (webtiles) character file.

171 Gargoyl the Skirmisher (level 5, 0/46 HPs)
             Began as a Centaur Abyssal Knight on Dec 4, 2017.
             Was a Believer of Lugonu.
             Slain by Blork the orc
             ... wielding a +6 mace of protection
              (4 damage)
             ... on level 4 of the Dungeon.
             The game lasted 00:04:46 (2957 turns).

Gargoyl the Skirmisher (Centaur Abyssal Knight)     Turns: 2957, Time: 00:04:46

Health: 0/46       AC:  8    Str: 14    XL:     5   Next: 26%
Magic:  7/7        EV: 17    Int: 11    God:    Lugonu [**....]
Gold:   149        SH:  0    Dex: 15    Spells: 4/4 levels left

rFire    . . .     SeeInvis .   a - +1 hand axe
rCold    . . .     Gourm    .   (no shield)
rNeg     . . .     Faith    .   p - +0 ring mail
rPois    .         Spirit   .   o - +0 helmet
rElec    .         Reflect  .   (no cloak)
rCorr    .         Harm     .   r - +0 pair of gloves
MR       .....                  (no barding)
Stlth    +.........             (no amulet)
Regen    0.2/turn               g - +4 ring of evasion
MPRegen  0.1/turn               (no ring)

@: agile, very quick
A: hooves 3, deformed body, speed 2, tough skin 3
a: Depart the Abyss, Bend Space, Renounce Religion


You were on level 4 of the Dungeon.
You worshipped Lugonu.
Lugonu was pleased with you.
You were not hungry.

You visited 1 branch of the dungeon, and saw 4 of its levels.
You visited the Abyss 1 time.

You collected 149 gold pieces.

Inventory:

Hand Weapons
 a - a +1 hand axe (weapon)
Missiles
 d - 9 tomahawks (quivered)
Armour
 o - a +0 helmet (worn)
 p - a +0 ring mail (worn)
 r - a +0 pair of gloves (worn)
Jewellery
 g - a +4 ring of evasion (left hand)
Wands
 f - a wand of iceblast (2/15)
Scrolls
 e - 5 scrolls of identify
 i - 4 scrolls of blinking
 q - a scroll of teleportation {unknown}
 t - a scroll of enchant armour {unknown}
Potions
 h - a potion of might {unknown}
 j - a potion of curing {unknown}
 k - a potion of agility
 n - 2 potions of invisibility {unknown}
Comestibles
 b - 2 fruits
 c - 2 bread rations
 l - a meat ration
 m - a royal jelly


   Skills:
 + Level 3.7 Fighting
 + Level 3.0 Axes
 * Level 2.1 Armour
 + Level 1.0 Dodging
 * Level 3.5 Invocations
 + Level 0.1 Evocations


You had 4 spell levels left.
You didn't know any spells.

Dungeon Overview and Level Annotations

Branches:
Dungeon (4/15)
 Temple: D:4-7

Altars:
Xom

Annotations:
D:4 Blork the orc


Innate Abilities, Weirdness & Mutations

You have hooves in place of feet.
Armour fits poorly on your strangely shaped body.
You cover ground very quickly.
You have extremely tough skin. (AC +3)


Message History

Blork the orc is lightly wounded.
Blork the orc closely misses you.
You hit Blork the orc but do no damage. You kick Blork the orc.
Blork the orc is moderately wounded.
Blork the orc hits you with a mace of protection!
Blork the orc hits you but does no damage.
You hit Blork the orc. You kick Blork the orc.
Blork the orc is severely wounded.
Blork the orc hits you with a mace of protection.
You hit Blork the orc but do no damage.
You kick Blork the orc, but do no damage.
Blork the orc is severely wounded.
Blork the orc hits you with a mace of protection.
* * * LOW HITPOINT WARNING * * *
Blork the orc hits you with a mace of protection!
* * * LOW HITPOINT WARNING * * *
It was a potion of agility.
You feel agile all of a sudden.
Blork the orc hits you with a mace of protection.
You die...

.# .# # .# ##.# .# .#.
.# #.. <# .. .#.# .#
.#.# ##o# .#.# #@.# ##.#
# #####.## ##.#
#.##...#.# ##.#
#....#.#.######
##.#########............
##.#.......†.....#######
.....########......(..
##............########
##############


You could see Blork the orc.

Vanquished Creatures
  3 orc priests (D:3)
  An adder (D:2)
  2 dart slugs
  A leopard gecko (D:1)
  6 orcs (D:3)
  2 giant cockroaches (D:3)
  8 goblins
  7 hobgoblins
  5 jackals (D:3)
  A quokka (D:3)
  A ball python (D:3)
  8 bats
  A frilled lizard (D:2)
  5 kobolds
  11 rats
62 creatures vanquished.

Notes
Turn   | Place    | Note
-------+----------+-------------------------------------------
     0 | Abyss:1  | Gargoyl the Centaur Abyssal Knight began the quest for the Orb.
     0 | Abyss:1  | Reached XP level 1. HP: 19/19 MP: 2/2
    75 | Abyss:1  | Noticed a large abomination
    77 | Abyss:1  | Noticed a small abomination
   119 | Abyss:2  | Noticed a small abomination
   134 | Abyss:2  | Noticed a mana viper
   137 | Abyss:2  | Noticed a neqoxec
   142 | D:1      | Escaped the Abyss
   166 | D:1      | Reached * piety under Lugonu
   323 | D:1      | Found a shimmering altar of Xom.
   376 | D:1      | Reached XP level 2. HP: 11/26 MP: 3/3
  1177 | D:2      | Reached XP level 3. HP: 27/31 MP: 4/4
  1761 | D:3      | Reached XP level 4. HP: 7/39 MP: 4/6
  2131 | D:3      | Reached ** piety under Lugonu
  2435 | D:3      | Reached skill level 1 in Dodging
  2435 | D:3      | Reached XP level 5. HP: 26/46 MP: 7/7
  2946 | D:4      | Noticed Blork the orc
  2957 | D:4      | Slain by Blork the orc

Skill      XL: |  1  2  3  4 |
---------------+-------------+-----
Axes           | 2 3 |  3.0
Invocations    | 3 |  3.5
Armour         | 2 |  2.1
Dodging        | 1 |  1.0
Fighting       | |  3.7
Evocations     | |  0.1

Action                   |  1- 3 |  4- 6 || total
-------------------------+-------+-------++-------
Melee: Hand axe          |    78 |    71 ||   149
       Kick              |     7 |    14 ||    21
Invok: Depart the Abyss  |     1 |       ||     1
Evoke: Wand              |       |     2 ||     2
  Use: Scroll            |     4 |       ||     4
       Potion            |       |     1 ||     1
  Eat: Chunk             |     1 |     4 ||     5
Armor: Leather armour    |    19 |     8 ||    27
       Ring mail         |       |    18 ||    18
Dodge: Dodged            |    66 |    56 ||   122
